 Dungeon Crawl Stone Soup version 0.16.2-12-gd0ad4c3 (webtiles) character file.

46 faibistes the Magician (level 3, -4/19 HPs)
             Began as a Deep Elf Wizard on Feb 14, 2019.
             Slain by Sigmund
             ... wielding a +0 scythe
              (12 damage)
             ... on level 3 of the Dungeon.
             The game lasted 00:04:40 (2708 turns).

faibistes the Magician (Deep Elf Wizard)            Turns: 2708, Time: 00:04:41

Health: -4/19      AC:  2    Str:  4    XL:     3   Next: 46%
Magic:  11/14      EV: 13    Int: 23    God:
Gold:   24         SH:  0    Dex: 13    Spells: 5 memorised, 2 levels left

rFire  . . .     SeeInvis .     n - +0 dagger
rCold  + . .     Clarity  .     a - +0 robe
rNeg   . . .     SustAb   .     (no shield)
rPois  .         Gourm    .     b - +0 hat
rElec  .         Spirit   .     (no cloak)
rCorr  +         Warding  .     (no gloves)
rMut   .         Stasis   .     (no boots)
MR     .....                    g - amulet of resist corrosion
Stlth  ++........               s - +2 ring of slaying
                                h - ring of protection from cold

@: not resistant to hostile enchantments, unstealthy
A: no striking features
a: no special abilities


You were on level 3 of the Dungeon.
You were not hungry.

You visited 1 branch of the dungeon, and saw 4 of its levels.

You collected 24 gold pieces.

Inventory:

Hand weapons
 i - a +0 club
 n - a +0 dagger (weapon)
Armour
 a - a +0 robe (worn)
 b - a +0 hat (worn)
Jewellery
 e - an uncursed amulet of resist mutation
 g - an amulet of resist corrosion (around neck)
 h - a ring of protection from cold (left hand)
 s - a +2 ring of slaying (right hand)
Magical devices
 p - a wand of flame (19)
Scrolls
 l - a scroll of teleportation {unknown}
 o - 2 scrolls of fog {unknown}
Potions
 k - a potion of haste {unknown}
 q - a potion of curing {unknown}
 r - a potion of heal wounds {unknown}
 t - a potion of brilliance {unknown}
 u - a potion of cancellation {unknown}
Books
 c - a book of Minor Magic

   Spells                             Type                      Level
   a - Magic Dart                     Conjuration                  1
   b - Blink                          Translocation                2
   c - Call Imp                       Summoning                    2
   d - Repel Missiles                 Charms/Air                   2
   e - Slow                           Hexes                        2
   f - Conjure Flame                  Conjuration/Fire             3
   g - Mephitic Cloud                 Conjuration/Poison/Air       3
Comestibles
 d - 3 bread rations
 f - 4 fruits
 j - 4 meat rations
 m - a beef jerky


   Skills:
 + Level 2.8 Dodging
 - Level 2.4 Stealth
 * Level 5.5 Spellcasting
 * Level 2.2 Conjurations
 - Level 1.1 Summonings
 - Level 1.1 Translocations


You had 2 spell levels left.
You knew the following spells:

 Your Spells              Type           Power        Failure   Level  Hunger
a - Magic Dart            Conj           ###.         3%          1    None
b - Conjure Flame         Conj/Fire      ##......     17%         3    ##.....
c - Call Imp              Summ           ##......     12%         2    None
d - Blink                 Tloc           N/A          12%         2    None
e - Mephitic Cloud        Conj/Pois/Air  #.......     21%         3    ##.....


Dungeon Overview and Level Annotations

Branches:
Dungeon (4/15)
 Temple: D:4-7

Altars:
Zin

Annotations:
D:3 Ijyb, Sigmund


Message History

The magic dart hits the rat.
You kill the rat!
Casting: Magic Dart
Confirm with . or Enter, or press ? or * to list all spells.
Aiming: Magic Dart
Press: ? - help, Shift-Dir - straight line The magic dart hits something.
Something hits you.
Deactivating autopickup; reactivate with Ctrl-A.
You see here a scroll labeled SELOME MAEK.
o - 2 scrolls labeled SELOME MAEK (gained 1)
Something hits you!
You hit something but do no damage. Something barely misses you.
You hit something. You hit something. Something barely misses you.
Unknown command.
Unknown command.
Something hits you!
Ouch! That really hurt!
You die...

########
##......##
##.......)##
#...{@.....# .
#..........#
.#..##........[(#
...>............#
###.##..........#
#.###........##
#[.(.........##
####..........#
#..........#


There were no monsters in sight!

Vanquished Creatures
  A worm (D:2)
  An orc (D:4)
  8 bats
  A giant cockroach (D:1)
  5 hobgoblins
  2 ball pythons (D:1)
  2 giant newts
  5 goblins
  5 jackals
  4 kobolds (D:1)
  7 rats
41 creatures vanquished.

Vanquished Creatures (collateral kills)
  A jackal (D:2)
1 creature vanquished.

Vanquished Creatures (others)
  A shadow imp (D:2)
1 creature vanquished.

Grand Total: 43 creatures vanquished

Notes
Turn   | Place    | Note
--------------------------------------------------------------
     0 | D:1      | faibistes, the Deep Elf Wizard, began the quest for the Orb.
     0 | D:1      | Reached XP level 1. HP: 10/10 MP: 6/6
   683 | D:1      | Reached XP level 2. HP: 15/15 MP: 8/10
   687 | D:1      | Learned a level 2 spell: Blink
   690 | D:1      | Learned a level 2 spell: Call Imp
   892 | D:1      | Reached skill level 5 in Spellcasting
  1627 | D:2      | Found a glowing silver altar of Zin.
  1686 | D:3      | Reached XP level 3. HP: 19/19 MP: 11/14
  1693 | D:2      | Learned a level 3 spell: Conjure Flame
  1697 | D:2      | Learned a level 3 spell: Mephitic Cloud
  1779 | D:3      | Noticed Ijyb
  2688 | D:3      | Noticed Sigmund
  2708 | D:3      | Slain by Sigmund

Action                   || total
-------------------------++-------
Melee: Unarmed           ||     1
       Dagger            ||     3
 Cast: Magic Dart        ||    94
       Mephitic Cloud    ||     2
       Call Imp          ||     2
  Eat: Chunk             ||     5
